 Dungeon Crawl Stone Soup version 0.23.1-37-gaa34b87 (webtiles) character file.

Game seed: 10472493465752440931

81 Fang the Skirmisher (level 4, -12/29 HPs)
             Began as a Gargoyle Berserker on Mar 25, 2019.
             Was a Believer of Trog.
             Killed by divine providence
             ... invoked by an orc priest
              (13 damage)
             ... on level 3 of the Dungeon.
             The game lasted 00:01:57 (2047 turns).

Fang the Skirmisher (Gargoyle Berserker)            Turns: 2047, Time: 00:01:58

Health: -12/29     AC: 14    Str: 21    XL:     4   Next: 40%
Magic:  4/4        EV:  6    Int:  8    God:    Trog [**....]
Gold:   87         SH:  0    Dex:  9    Spells: 3/3 levels left

rFire    + . .     SeeInvis .   a - +0 hand axe
rCold    . . .     Gourm    .   (no shield)
rNeg     + . .     Faith    .   o - +0 plate armour
rPois    ∞         Spirit   .   (no helmet)
rElec    +         Reflect  .   (no cloak)
rCorr    .         Harm     .   (no gloves)
MR       ++...                  (no boots)
Stlth    ..........             (no amulet)
HPRegen  1.09/turn              n - ring of protection from fire
MPRegen  0.09/turn              (no ring)

@: berserk cooldown, regenerating, slowed, very slow
A: negative energy resistance 1, electricity resistance, unbreathing,
petrification resistance, rot immunity, AC +3
a: Berserk, Trog's Hand, Renounce Religion


You were on level 3 of the Dungeon.
You worshipped Trog.
Trog was pleased with you.
You were very hungry.

You visited 1 branch of the dungeon, and saw 3 of its levels.

You collected 87 gold pieces.

Inventory:

Hand Weapons
 a - a +0 hand axe (weapon)
Armour
 o - a +0 plate armour (worn)
Jewellery
 n - a ring of protection from fire (left hand)
Scrolls
 e - 3 scrolls of identify {unknown}
 f - 3 scrolls of teleportation {unknown}
 g - 2 scrolls of enchant weapon {unknown}
 h - 2 scrolls of blinking {unknown}
 i - 3 scrolls of magic mapping {unknown}
 j - 2 scrolls of remove curse {unknown}
 q - a scroll of fear {unknown}
Potions
 b - a potion of brilliance {unknown}
 d - a potion of magic {unknown}
 k - a potion of haste {unknown}
 l - a potion of mutation {unknown}
 p - a potion of heal wounds {unknown}
Comestibles
 c - a ration


   Skills:
 + Level 4.0 Fighting
 + Level 3.2 Axes
 + Level 3.0 Armour
 + Level 2.3 Dodging


You had 3 spell levels left.
You didn't know any spells.
Your spell library was empty.

Dungeon Overview and Level Annotations

Branches:
Dungeon (3/15)

Altars:
Ashenzari
Makhleb
Qazlal


Innate Abilities, Weirdness & Mutations

You are resistant to torment.
Your stone body is resilient. (AC +3)
You are immune to poison.
You resist negative energy. (rN+)
You are resistant to electric shocks. (rElec)
You can survive without breathing.
You are immune to petrification.
You are immune to rotting.


Message History

Your plate armour prevents you from hitting the orc priest.
The orc priest is moderately wounded.
The orc priest hits you but does no damage.
You hit the orc priest but do no damage.
The orc priest is moderately wounded.
The orc priest mumbles some strange prayers to Beogh against you.
You resist with almost no effort.
The orc priest hits you but does no damage.
You hit the orc priest.
The orc priest is heavily wounded.
You feel the effects of Trog's Hand fading.
The orc priest hits you but does no damage.
You hit the orc priest.
The orc priest is almost dead.
The orc priest invokes the aid of Beogh against you.
Beogh smites you!
* * * LOW HITPOINT WARNING * * *
The orc priest invokes the aid of Beogh against you.
Beogh smites you!
You die...

.. #.## ##
##... ..
#..?# .
#...#.#
#...#.#####
#.>o?......
#@# #)# #(#
##########.#
#<.........#
############


You could see an orc priest.

Vanquished Creatures
  An adder (D:2)
  2 oozes (D:2)
  2 worms (D:2)
  2 orcs (D:3)
  2 giant cockroaches (D:2)
  9 hobgoblins
  9 bats
  5 frilled lizards
  7 goblins
  12 kobolds
  9 rats
60 creatures vanquished.

Notes
Turn   | Place    | Note
-------+----------+-------------------------------------------
     0 | D:1      | Fang the Gargoyle Berserker began the quest for the Orb.
     0 | D:1      | Reached XP level 1. HP: 14/14 MP: 1/1
   115 | D:1      | Reached XP level 2. HP: 19/19 MP: 2/2
   535 | D:1      | Reached ** piety under Trog
  1047 | D:2      | Reached XP level 3. HP: 23/23 MP: 3/3
  1415 | D:2      | Found a stormy altar of Qazlal.
  1416 | D:2      | Noticed an earth elemental
  1417 | D:2      | Noticed an air elemental
  1417 | D:2      | Noticed a fire elemental
  1417 | D:2      | Noticed a water elemental
  1487 | D:2      | Reached XP level 4. HP: 29/29 MP: 4/4
  1546 | D:2      | Found a burning altar of Makhleb.
  1727 | D:2      | Found a shattered altar of Ashenzari.
  1798 | D:2      | Reached skill level 4 in Fighting
  2030 | D:3      | Reached *** piety under Trog
  2047 | D:3      | HP: 1/29 [orc priest/divine providence (12)]
  2047 | D:3      | Killed from afar by an orc priest

Skill      XL: |  1  2  3  4 |
---------------+-------------+-----
Dodging        | 2 |  2.3
Axes           | 3 |  3.2
Armour         | 3 |  3.0
Fighting       | 4 |  4.0

Action                   |  1- 3 |  4- 6 || total
-------------------------+-------+-------++-------
Melee: Hand axe          |   125 |    64 ||   189
Invok: Berserk           |       |     1 ||     1
       Trog's Hand       |       |     1 ||     1
 Stab: Sleeping          |     1 |       ||     1
  Eat: Chunk             |     2 |     2 ||     4
Armor: Animal skin       |    33 |       ||    33
       Plate armour      |    21 |    42 ||    63
Dodge: Dodged            |    75 |    19 ||    94
